 Dungeon Crawl Stone Soup version 0.31-a0-313-g785cd24033 (webtiles) character file.

Game seed: 7295325207979198676

345 bmuutr the Trooper (level 6, 0/47 HPs)
             Began as a Djinni Cinder Acolyte on July 17, 2023.
             Was a High Priest of Ignis.
             Slain by a hound (2 damage)
             ... on level 4 of the Dungeon.
             The game lasted 00:11:01 (3232 turns).

bmuutr the Trooper (Djinni Cinder Acolyte)          Turns: 3232, Time: 00:11:02

Health: 0/47       AC:  4    Str: 20    XL:     6   Next: 89%
Gold:   166        EV: 12    Int: 15    God:    Ignis [*****.] SH:  0 Dex: 11

rFire   + + +        a - +0 falchion (flame)
rCold   x . .        (no shield)
rNeg    + . .        b - +0 robe
rPois   ∞            (no helmet)
rElec   .            (no cloak)
rCorr   +            f - +1 pair of gloves of the Monkey {Str+7}
SInv    .            (boots unavailable)
Will    .....        (no amulet)
Stlth   ++           d - ring of positive energy
HPRegen 0.27/turn    e - ring of resist corrosion
MPRegen 0.00/turn

%: infuse magic (-1 HP)
@: flying, very slightly contaminated
A: sickness immunity, fire resistance 2, cold vulnerability 1, float, innate
caster, HP casting, extra vitality 1
a: Renounce Religion, Fiery Armour, Foxfire Swarm, Rising Flame


You were on level 4 of the Dungeon.
You worshipped Ignis.
Ignis was extremely pleased with you.
You visited 1 branch of the dungeon, and saw 4 of its levels.

You collected 166 gold pieces.

Inventory:

Hand Weapons
 a - a +0 falchion of flaming (weapon)
Armour
 b - a +0 robe (worn)
 f - the +1 pair of gloves of the Monkey (worn) {Str+7}
   (You acquired it on level 3 of the Dungeon)

   Str:       It affects your strength (+7).
 m - a +0 plate armour
Jewellery
 d - a ring of positive energy (left hand)
 e - a ring of resist corrosion (right hand)
 g - a ring of wizardry
Scrolls
 o - a scroll of silence
Potions
 c - a potion of resistance
 h - 2 potions of lignification
 i - a potion of cancellation
 j - a potion of mutation
 n - a potion of might {unknown}
 p - a potion of degeneration {unknown}
 q - a potion of enlightenment {unknown}


   Skills:
 * Level 4.1 Fighting
 * Level 3.8 Long Blades
 * Level 2.6 Dodging
 * Level 2.1 Stealth
 * Level 3.1 Spellcasting
 * Level 3.1 Conjurations
 * Level 3.1 Hexes
 * Level 3.1 Summonings
 * Level 3.1 Necromancy
 * Level 3.1 Translocations
 * Level 3.1 Transmutations
 * Level 3.1 Fire Magic
 * Level 3.1 Ice Magic
 * Level 3.1 Air Magic
 * Level 3.1 Earth Magic
 * Level 3.1 Poison Magic


You knew the following spells:

 Your Spells              Type           Power      Damage    Failure   Level
a - Scorch                Fire           22%        2d5       9%          2
b - Slow                  Hex            44%        N/A       5%          1
c - Ensorcelled Hibernat  Hex/Ice        22%        N/A       9%          2
Your spell library was empty.

Dungeon Overview and Level Annotations

Branches:
Dungeon (4/15)
 Temple: D:4-7

Altars:
Hepliaklqana
Okawaru


Innate Abilities, Weirdness & Mutations

You are immune to sickness and miasma.
You are immune to poison.
Your flesh is very heat resistant. (rF++)
You are vulnerable to cold. (rC-)
You float through the air rather than walking.
You learn spells naturally, not from books.
Your magical power is your life essence.
You have superior vitality. (+4 MHP)


Message History

Casting: Scorch (safe; 9% risk of failure)
Confirm with . or Enter, or press ? or * to list all spells.
Flames lash the hound.
The hound is burned terribly!
The hound is severely wounded.
* * * LOW HITPOINT WARNING * * *
The hound misses you.
Casting: Scorch (safe; 9% risk of failure)
Confirm with . or Enter, or press ? or * to list all spells.
Flames lash the hound.
The hound is burned terribly!
The hound is almost dead.
* * * LOW HITPOINT WARNING * * *
The hound barely misses you. The hound closely misses you.
Casting: Scorch (safe; 9% risk of failure)
Confirm with . or Enter, or press ? or * to list all spells.
Flames lash the orc.
The orc is heavily wounded.
The orc's fire resistance burns away.
* * * LOW HITPOINT WARNING * * *
The hound closely misses you.
Casting: Scorch (safe; 9% risk of failure)
Confirm with . or Enter, or press ? or * to list all spells.
You miscast Scorch.
Nothing appears to happen.
* * * LOW HITPOINT WARNING * * *
The hound bites you.
* * * LOW HITPOINT WARNING * * *
The hound bites you but does no damage.
You hit the hound but do no damage.
The hound is almost dead.
The hound barely misses you. The hound bites you.
* * * LOW HITPOINT WARNING * * *
You barely miss the hound.
The hound is almost dead.
The hound misses you.
You hit the hound. You burn the hound.
The hound is almost dead.
The orc is no longer more vulnerable to fire.
The hound bites you.
* * * LOW HITPOINT WARNING * * *
The hound bites you.
You die...

### #..
#.# #.#
#.# #.#
#######.#
##.#######
#..@ho..#
..........
#.#######
##.#######
#.# #.#
#.# #.#
#.# #.#
#.# #.#
#.# ##)#
#.#
...####
#.#


You could see a hound (combustible) and an orc.

Vanquished Creatures
  Sigmund (D:3)
  2 orc wizards (D:3)
  2 adders (D:2)
  3 worms (D:2)
  6 dart slugs
  7 orcs
  4 bats
  6 endoplasms
  5 giant cockroaches
  10 hobgoblins
  6 jackals
  5 quokkas
  6 ball pythons
  2 frilled lizards (D:2)
  7 goblins
  5 kobolds
  3 rats
80 creatures vanquished.

Notes
Turn   | Place    | Note
-------+----------+-------------------------------------------
     0 | D:1      | bmuutr the Djinni Cinder Acolyte began the quest for the
                  | Orb.
     0 | D:1      | bmuutr set off with the following spells memorised: Scorch.
     0 | D:1      | Reached XP level 1. HP: 20/20 MP: 0/0
   142 | D:1      | Reached XP level 2. HP: 16/25 MP: 0/0
   319 | D:1      | Reached XP level 3. HP: 8/30 MP: 0/0
   319 | D:1      | Learned a level 1 spell: Slow
   441 | D:1      | Reached skill level 1 in Dodging
   733 | D:2      | Found an iron altar of Okawaru.
   801 | D:2      | Reached XP level 4. HP: 21/35 MP: 0/0
   895 | D:2      | Identified the +0 war axe of Impermanence {holy, Str+2}
   977 | D:2      | Reached skill level 1 in Stealth
  1931 | D:3      | Noticed Sigmund
  1951 | D:3      | Killed Sigmund
  1952 | D:3      | Reached skill level 4 in Fighting
  1952 | D:3      | Reached XP level 5. HP: 26/41 MP: 0/0
  1952 | D:3      | Learned a level 2 spell: Ensorcelled Hibernation
  1952 | D:3      | Reached XP level 6. HP: 30/47 MP: 0/0
  2086 | D:3      | Found a hazy altar of Hepliaklqana.
  2763 | D:3      | Found a faded altar of an unknown god.
  2807 | D:3      | Identified a scroll of acquirement
  2807 | D:3      | Acquired the +1 pair of gloves of the Monkey {Str+7}
  3008 | D:4      | Noticed an ogre
  3230 | D:4      | HP: 2/47 [hound (1)]
  3232 | D:4      | Slain by a hound

Illustrated notes

Levels and vault maps discovered:
D:1:      minmay_arrival_radiant_lines, layout_rooms
D:2:      layout_loops_ring, basic_altar, minmay_mini_jars
D:3:      layout_loops_cross, gammafunk_temple_overflow_statue,
          hellmonk_ecumenical_altar_prayer_group, uniq_sigmund
D:4:      layout_basic

Skill      XL: |  1  2  3  4 |
---------------+-------------+-----
Long Blades    | 3 |  3.8
Dodging        | 1 2 |  2.6
Stealth        | 2 |  2.1
Fighting       | 4 |  4.1
Spellcasting   | 3 |  3.1
Conjurations   | 3 |  3.1
Hexes          | 3 |  3.1
Summonings     | 3 |  3.1
Necromancy     | 3 |  3.1
Translocations | 3 |  3.1
Transmutations | 3 |  3.1
Fire Magic     | 3 |  3.1
Ice Magic      | 3 |  3.1
Air Magic      | 3 |  3.1
Earth Magic    | 3 |  3.1
Poison Magic   | 3 |  3.1

Action                     |  1- 3 |  4- 6 || total
---------------------------+-------+-------++-------
  Melee: Falchion          |    93 |   117 ||   210
   Cast: Scorch            |    13 |    57 ||    70
    Use: Scroll            |     4 |     8 ||    12
         Potion            |       |     1 ||     1
 Armour: Robe              |    29 |    26 ||    55
         Plate armour      |       |     9 ||     9
  Dodge: Dodged            |    73 |    77 ||   150

Table legend: (Time is in decaauts)
 A = Elapsed time spent in this place.
 B = Non-inter-level travel time spent in this place.
 C = Inter-level travel time spent in this place.
 D = Time resting spent in this place.
 E = Time spent auto-exploring this place.
 F = Levels seen in this place.
 G = Mean time per level.
                   A        B        C        D        E       F      G
               +--------+--------+--------+--------+--------+-----+--------+
         Total |   3258 |   3107 |    151 |    566 |   1751 |   4 |  814.5 |
       Dungeon |   3258 |   3107 |    151 |    566 |   1751 |   4 |  814.5 |
               +--------+--------+--------+--------+--------+-----+--------+

Top non-repeatable levels by time:
     D:2: 1129 daAuts
     D:3: 1111 daAuts
     D:1: 622 daAuts
     D:4: 395 daAuts
